 Dungeon Sprint DCSS version 0.29.1-15-g9cfb28693d (webtiles) character file.

Game seed: 16988016004466409266

2286 Groucho the Nimble (level 9, -9/44 HPs)
             Began as a Spriggan Earth Elementalist on Mar 12, 2023.
             Was a High Priest of Dithmenos.
             Mangled by a red devil
             ... wielding a +1 demon trident of venom
              (25 damage)
             ... in the Dungeon (Sprint VII: "The Pits").
             The game lasted 00:06:20 (2368 turns).

Groucho the Nimble (Spriggan Earth Elementalist)    Turns: 2368, Time: 00:06:20

Health: -9/44      AC:  5    Str:  4    XL:     9   Next: 17%
Magic:  7/24       EV: 27    Int: 20    God:    Dithmenos [*****.]
Gold:   0          SH:  0    Dex: 16    Spells: 25/29 levels left

rFire   . . .      SeeInvis +   h - +2 dagger
rCold   . . .      Faith    .   (no shield)
rNeg    . . .      Spirit   .   a - +0 robe
rPois   .          Reflect  .   (helmet restricted)
rElec   .          Harm     .   (no cloak)
rCorr   .          Rampage  .   (gloves unavailable)
Will    +....      NoTele   +   (boots unavailable)
Stlth   +++++++...              (no amulet)
HPRegen 0.14/turn               m - +3 ring of protection
MPRegen 0.19/turn               n - +3 ring of evasion

@: spiked, wreathed by umbra, very quick
A: very small, no large weapons, unfitting armour, see invisible, speed 3
a: Renounce Religion, Shadow Step, Shadow Form


You were in the Dungeon.
You worshipped Dithmenos.
Dithmenos was extremely pleased with you.
You visited 1 branch

Inventory:

Hand Weapons
 h - a +2 dagger (weapon)
 p - a +2 rapier of electrocution
Missiles
 j - 10 stones
Armour
 a - a +0 robe (worn)
Jewellery
 m - a +3 ring of protection (left hand)
 n - a +3 ring of evasion (right hand)
Scrolls
 g - a scroll of blinking
 k - 5 scrolls of amnesia
 l - a scroll of summoning
Potions
 b - 5 potions of magic
 c - 5 potions of curing
 d - 11 potions of heal wounds
 e - 4 potions of haste
 f - 3 potions of berserk rage
 i - a potion of invisibility
 o - a potion of might


   Skills:
 + Level 3.2 Fighting
 + Level 4.2 Short Blades
 + Level 11.7 Dodging
 * Level 9.6 Stealth
 + Level 10.7 Spellcasting
 * Level 7.2 Conjurations
 - Level 1.3 Transmutations
 * Level 10.4 Earth Magic
 + Level 4.0 Invocations


You had 25 spell levels left.
You knew the following spells:

 Your Spells              Type           Power      Damage    Failure   Level
a - Sandblast             Erth           100%       2d20      1%          1
b - Stone Arrow           Conj/Erth      92%        3d12      1%          3

Your spell library contained the following spells:

 Spells                   Type           Power      Damage    Failure   Level
 Passwall                 Tmut/Erth      28%        N/A       1%          2
 Petrify                  Tmut/Erth      34%        N/A       5%          4


Dungeon Overview and Level Annotations

Branches:
Dungeon (1/1)

Altars:
Ashenzari
Cheibriados
Dithmenos
Elyvilon
Fedhas
Gozag
Hepliaklqana
Kikubaaqudgha
Makhleb
Nemelex Xobeh
Okawaru
Qazlal
Ru
Sif Muna
Trog
Uskayaw
Vehumet
Wu Jian
Xom
Yredelemnul
Zin
The Shining One
Jiyva
Lugonu


Innate Abilities, Weirdness & Mutations

You are very small and have problems with some larger weapons.
You are too small for most types of armour.
You have supernaturally acute eyesight. (SInv)
You cover ground extremely quickly. (Speed+++)


Message History

You are poisoned.
Unknown command.
Unknown command.
Casting: Stone Arrow (safe; 1% risk of failure)
Confirm with . or Enter, or press ? or * to list all spells.
Aiming: Stone Arrow (safe; 1% risk of failure)
Press: ? - help, Shift-Dir - straight line, f/p - centaur warrior
Aim: a centaur warrior, wielding a +0 shortbow (black smoke, heavily wounded, umbra, 82% to hit)
The stone arrow hits the black mamba!
The black mamba is heavily wounded.
You feel sick. The black mamba completely misses you.
The red devil completely misses you. The black mamba bites you!
* * * LOW HITPOINT WARNING * * *
You are lethally poisoned!
The black mamba poisons you!
Unknown command.
Unknown command.
You feel better. The black mamba misses you. The red devil misses you.
The black mamba completely misses you.
Casting: Stone Arrow (safe; 1% risk of failure)
Confirm with . or Enter, or press ? or * to list all spells.
Aiming: Stone Arrow (safe; 1% risk of failure)
Press: ? - help, Shift-Dir - straight line, f/p - centaur warrior
Aim: a centaur warrior, wielding a +0 shortbow (black smoke, heavily wounded, umbra, 82% to hit)
The stone arrow hits the black mamba!
The black mamba is severely wounded.
The black mamba bites you. The red devil completely misses you.
Unknown command.
Unknown command.
Casting: Stone Arrow (safe; 1% risk of failure)
Confirm with . or Enter, or press ? or * to list all spells.
Aiming: Stone Arrow (safe; 1% risk of failure)
Press: ? - help, Shift-Dir - straight line, f/p - centaur warrior
Aim: a centaur warrior, wielding a +0 shortbow (black smoke, heavily wounded, umbra, 82% to hit)
The stone arrow hits the black mamba!
You kill the black mamba!
Dithmenos accepts your kill.
The red devil hits you from afar with a +1 demon trident of venom!!
Ouch! That really hurt!
You die...

..#####'#####''#####
'###.......##''#
..##.......##..#
..##.......##..# #
####...<...##..# .##
..##.......##..# ...#
..##.......##..## .....
####.......##§..##§.....
.. ##########§.§@yc.....
.############§.†##4.....
.#....#..[[##..## .....
)#....#..[[##..# ...#
.'....'..).##..# .##
'#....#..))##..# #
)#....#..))##..#
################


You could see a centaur warrior, a hornet and a red devil.

Vanquished Creatures
  Pikel (D)
  2 black mambas (D)
  A smoke demon (D)
  A molten gargoyle (D)
  A dream sheep (D)
  A shadow (D)
  A floating eye (D)
  A sky beast (D)
  A black bear (D)
  A centaur (D)
  A kobold brigand (D)
  A bullfrog (D)
  A necrophage (D)
  A crimson imp (D)
  A river rat (D)
  An adder (D)
  A worm (D)
  An orc (D)
  A ball python (D)
  An endoplasm (D)
  A giant cockroach (D)
  A hobgoblin (D)
  2 kobolds (D)
  A frilled lizard (D)
  A jackal zombie (D)
27 creatures vanquished.

Notes
Turn   | Place    | Note
-------+----------+-------------------------------------------
     0 | D        | Groucho the Spriggan Earth Elementalist began the quest for
                  | the Orb.
     0 | D        | Reached XP level 1. HP: 9/9 MP: 5/5
    11 | D        | Reached skill level 4 in Dodging
    11 | D        | Reached XP level 2. HP: 13/13 MP: 3/7
    37 | D        | Found a glowing golden altar of the Shining One.
    37 | D        | Found a glowing silver altar of Zin.
    37 | D        | Found a basalt altar of Yredelemnul.
    37 | D        | Found a shimmering altar of Xom.
    37 | D        | Found an ornate altar of the Wu Jian Council.
    37 | D        | Found a bloodstained altar of Trog.
    37 | D        | Found a shimmering blue altar of Sif Muna.
    37 | D        | Found a sacrificial altar of Ru.
    37 | D        | Found a stormy altar of Qazlal.
    37 | D        | Found an iron altar of Okawaru.
    37 | D        | Found a sparkling altar of Nemelex Xobeh.
    37 | D        | Found a burning altar of Makhleb.
    37 | D        | Found a viscous altar of Jiyva.
    37 | D        | Found a hazy altar of Hepliaklqana.
    37 | D        | Found an opulent altar of Gozag.
    37 | D        | Found a blossoming altar of Fedhas.
    37 | D        | Found a white marble altar of Elyvilon.
    37 | D        | Found a shadowy altar of Dithmenos.
    37 | D        | Found a snail-covered altar of Cheibriados.
    38 | D        | Found a radiant altar of Vehumet.
    38 | D        | Found a corrupted altar of Lugonu.
    39 | D        | Found a hide-covered altar of Uskayaw.
    39 | D        | Found an ancient bone altar of Kikubaaqudgha.
    39 | D        | Found a broken altar of Ashenzari.
    44 | D        | Became a worshipper of Dithmenos the Shadowed
   176 | D        | Reached * piety under Dithmenos
   409 | D        | Reached ** piety under Dithmenos
   422 | D        | Reached skill level 5 in Dodging
   431 | D        | Reached XP level 3. HP: 6/16 MP: 1/10
  1007 | D        | Learned a level 3 spell: Stone Arrow
  1059 | D        | Noticed a centaur
  1060 | D        | Noticed a floating eye
  1060 | D        | Noticed a bullfrog
  1071 | D        | Paralysed by a floating eye for 2 turns
  1076 | D        | Killed a floating eye
  1077 | D        | Reached skill level 7 in Dodging
  1077 | D        | Reached skill level 5 in Earth Magic
  1077 | D        | Reached XP level 4. HP: 21/21 MP: 9/14
  1265 | D        | Noticed a necrophage
  1270 | D        | Killed a bullfrog
  1270 | D        | Reached *** piety under Dithmenos
  1271 | D        | Reached skill level 8 in Dodging
  1271 | D        | Reached XP level 5. HP: 14/24 MP: 13/16
  1272 | D        | Killed a centaur
  1273 | D        | Reached skill level 9 in Dodging
  1273 | D        | Reached XP level 6. HP: 13/28 MP: 12/18
  1371 | D        | Noticed a sky beast
  1386 | D        | Killed a sky beast
  1386 | D        | Reached **** piety under Dithmenos
  1629 | D        | Reached skill level 10 in Dodging
  1754 | D        | Noticed a dream sheep
  1761 | D        | Killed a dream sheep
  1762 | D        | Reached skill level 5 in Conjurations
  1762 | D        | Reached XP level 7. HP: 32/32 MP: 18/21
  1770 | D        | Noticed Pikel
  1779 | D        | Killed Pikel
  1780 | D        | Reached skill level 1 in Fighting
  1780 | D        | Reached XP level 8. HP: 16/38 MP: 8/22
  2081 | D        | Noticed a molten gargoyle
  2083 | D        | Reached skill level 10 in Spellcasting
  2084 | D        | Reached ***** piety under Dithmenos
  2085 | D        | Reached skill level 11 in Dodging
  2109 | D        | Killed a molten gargoyle
  2110 | D        | Reached skill level 10 in Earth Magic
  2218 | D        | Noticed a smoke demon
  2221 | D        | Killed a smoke demon
  2223 | D        | Reached XP level 9. HP: 40/43 MP: 19/24
  2350 | D        | Noticed a centaur warrior
  2350 | D        | Noticed a black mamba
  2350 | D        | Noticed a black mamba
  2350 | D        | Noticed a red devil
  2362 | D        | Killed a black mamba
  2368 | D        | Killed a black mamba
  2368 | D        | Mangled by a red devil

Illustrated notes

Levels and vault maps discovered:
D:        pitsprint [storerooms_1, entrance_room_1, metal_vault_3, armoury_2,
          mini_pit_1, grid_room_1, main_hall_1, silver_pit, the_coven_1,
          the_vestibule_1, steel_vault_2, golden_pit, hallway_of_sentries,
          crystal_vault_1, iron_vault_1, final_vault]

Skill      XL: |  1  2  3  4  5  6  7  8  9 |
---------------+----------------------------+-----
Dodging        | 4 5 7 8 9 10 11 | 11.7
Spellcasting   | 3 4 7 8 9 10 | 10.7
Earth Magic    | 3 4 5 6 7 9 10 | 10.4
Conjurations   | 2 3 5 6 7 |  7.2
Fighting       | 1 2 3 |  3.2
Short Blades   | 2 3 4 |  4.2
Stealth        | 6 8 9 |  9.6
Invocations    | 2 3 4 |  4.0
Transmutations | |  1.3

Action                   |  1- 3 |  4- 6 |  7- 9 || total
-------------------------+-------+-------+-------++-------
Melee: Dagger            |    17 |     1 |     3 ||    21
 Cast: Sandblast         |    15 |    17 |     8 ||    40
       Stone Arrow       |       |       |    11 ||    11
Invok: Shadow Step       |       |       |     1 ||     1
  Use: Potion            |       |       |     5 ||     5
 Stab: Sleeping          |     2 |     1 |     2 ||     5
       Invisible         |       |       |     1 ||     1
Armor: Robe              |     2 |       |       ||     2
Dodge: Dodged            |    15 |    12 |    20 ||    47
